2328 views
Uploaded 2021-08-14 18:13:39
Game version 1.32.10
27:31 long 1on1 ladder game on (2)NorthernIsles
Saved by aom
2328 views
Uploaded 2021-08-14 18:13:39
Game version 1.32.10
27:31 long 1on1 ladder game on (2)NorthernIsles

28 units @ 4k
/ 0.4k
23 buildings @ 3.8k
/ 1.2k


| Rod of Necromancy | 4 | 600 |
| Ritual Dagger | 2 | 250 |
| Sacrificial Skull | 1 | 50 |
| Claws of Attack +6 | 1 | 125 |
| total: | 8 | 1025g |
| Acolyte | 7 | 525 | / | 0 |
| Ghoul | 14 | 1680 | / | 0 |
| Gargoyle | 1 | 175 | / | 30 |
| Obsidian Statue | 1 | 200 | / | 35 |
| Crypt Fiend | 2 | 430 | / | 80 |
| Abomination | 1 | 240 | / | 70 |
| Goblin Shredder | 2 | 750 | / | 200 |
| total: | 28 | 4000g | / | 415w |
| Nerubian Tower | 4 | 400 | / | 80 |
| Spirit Tower | 3 | 435 | / | 120 |
| Altar of Darkness | 1 | 180 | / | 50 |
| Ziggurat | 11 | 1650 | / | 550 |
| Crypt | 3 | 600 | / | 150 |
| Tomb of Relics | 2 | 260 | / | 60 |
| Graveyard | 1 | 215 | / | 0 |
| Necropolis | 2 | 450 | / | 0 |
| Slaughterhouse | 3 | 420 | / | 405 |
| Halls of the Dead | 2 | 640 | / | 420 |
| Black Citadel | 1 | 325 | / | 230 |
| total: | 23 | 3775g | / | 1215w |
| 0:02 | Acolyte |
| 0:04 | Altar of Darkness |
| 0:05 | Ziggurat |
| 0:07 | Ziggurat |
| 0:13 | Acolyte |
| 0:32 | Crypt |
| 0:33 | Crypt |
| 0:51 | Tomb of Relics |
| 1:22 | Graveyard |
| 1:34 | Ghoul |
| 1:37 | Ghoul |
| 1:58 | Ghoul |
| 2:02 | Rod of Necromancy |
| 2:04 | Sleep |
| 2:24 | Ghoul |
| 2:48 | Halls of the Dead |
| 3:07 | Rod of Necromancy |
| 3:31 | Nerubian Tower |
| 3:33 | Ziggurat |
| 3:46 | Unholy Strength |
| 4:32 | Spirit Tower |
| 5:12 | Gargoyle |
| 5:35 | Vampiric Aura |
| 6:43 | Black Citadel |
| 6:45 | Slaughterhouse |
| 6:46 | Slaughterhouse |
| 6:47 | Ziggurat |
| 6:58 | Ritual Dagger |
| 6:59 | Sacrificial Skull |
| 7:42 | Rod of Necromancy |
| 7:48 | Death Coil |
| 8:15 | Nerubian Tower |
| 8:18 | Obsidian Statue |
| 8:26 | Goblin Shredder |
| 8:29 | Vampiric Aura |
| 9:06 | Ziggurat |
| 9:37 | Unholy Aura |
| 10:35 | Ghoul |
| 10:35 | Ghoul |
| 10:36 | Ghoul |
| 11:22 | Carrion Swarm |
| 11:46 | Claws of Attack +6 |
| 12:02 | Ghoul Frenzy |
| 12:03 | Crypt Fiend |
| 12:05 | Death Coil |
| 12:43 | Slaughterhouse |
| 12:45 | Ziggurat |
| 13:40 | Acolyte |
| 13:40 | Acolyte |
| 13:40 | Acolyte |
| 13:41 | Acolyte |
| 13:41 | Acolyte |
| 15:10 | Goblin Shredder |
| 15:15 | Cannibalize |
| 15:16 | Ghoul |
| 15:16 | Ghoul |
| 15:17 | Ghoul |
| 15:18 | Improved Unholy Strength |
| 15:19 | Unholy Armor |
| 15:26 | Necropolis |
| 16:33 | Abomination |
| 16:37 | Web |
| 16:38 | Crypt Fiend |
| 17:21 | Unholy Aura |
| 17:36 | Vampiric Aura |
| 17:40 | Necropolis |
| 19:12 | Ziggurat |
| 19:13 | Ziggurat |
| 21:59 | Ziggurat |
| 22:39 | Death Coil |
| 22:45 | Nerubian Tower |
| 22:47 | Ziggurat |
| 22:50 | Crypt |
| 23:03 | Nerubian Tower |
| 23:37 | Creature Attack |
| 23:44 | Tomb of Relics |
| 23:45 | Ziggurat |
| 23:58 | Spirit Tower |
| 25:03 | Spirit Tower |
| 25:08 | Rod of Necromancy |
| 25:46 | Halls of the Dead |
| 25:49 | Ghoul |
| 25:49 | Ghoul |
| 25:49 | Ghoul |
| 25:49 | Ghoul |
| 26:40 | Ritual Dagger |
| 26:52 | Inferno |
| Select group | 1223 |
| Right click | 714 |
| Select | 464 |
| Chat | 397 |
| Misc. action | 135 |
| Build/train/purchase | 88 |
| Use ability | 43 |
| Assign group | 34 |
| Minimap ping | 2 |
37 units @ 6.3k
/ 0.5k
19 buildings @ 2.9k
/ 1k


| Healing Salve | 3 | 300 |
| Scroll of Speed | 4 | 200 |
| Lesser Clarity Potion | 3 | 210 |
| Potion of Mana | 3 | 600 |
| Potion of Healing | 1 | 150 |
| total: | 14 | 1460g |
| Peon | 8 | 600 | / | 0 |
| Grunt | 15 | 3000 | / | 0 |
| Troll Headhunter | 5 | 700 | / | 100 |
| Demolisher | 6 | 1320 | / | 300 |
| Troll Batrider | 1 | 160 | / | 40 |
| Wind Rider | 2 | 530 | / | 80 |
| total: | 37 | 6310g | / | 520w |
| Watch Tower | 3 | 330 | / | 240 |
| Altar of Storms | 2 | 360 | / | 100 |
| Barracks | 2 | 360 | / | 100 |
| Orc Burrow | 8 | 1280 | / | 320 |
| Voodoo Lounge | 2 | 260 | / | 60 |
| War Mill | 1 | 205 | / | 0 |
| Beastiary | 1 | 145 | / | 140 |
| Stronghold | 1 | 315 | / | 190 |
| total: | 19 | 2940g | / | 960w |
| 0:02 | Altar of Storms |
| 0:05 | Barracks |
| 0:08 | Orc Burrow |
| 0:21 | Peon |
| 0:40 | Peon |
| 1:07 | Peon |
| 1:20 | Grunt |
| 1:41 | Peon |
| 1:49 | Voodoo Lounge |
| 2:00 | Peon |
| 2:19 | Summon Bear |
| 2:28 | Grunt |
| 2:44 | Orc Burrow |
| 3:05 | Pillage |
| 3:20 | Orc Burrow |
| 3:40 | Summon Quilbeast |
| 4:02 | Grunt |
| 4:15 | Grunt |
| 4:30 | Grunt |
| 4:40 | Grunt |
| 4:42 | Barracks |
| 5:40 | Grunt |
| 5:44 | Stronghold |
| 5:59 | Grunt |
| 6:07 | War Mill |
| 7:28 | Troll Headhunter |
| 7:28 | Troll Headhunter |
| 7:35 | Orc Burrow |
| 7:38 | Healing Salve |
| 7:43 | Scroll of Speed |
| 7:46 | Lesser Clarity Potion |
| 7:52 | Watch Tower |
| 7:56 | Watch Tower |
| 8:33 | Troll Headhunter |
| 8:33 | Troll Headhunter |
| 8:52 | Troll Headhunter |
| 9:46 | Grunt |
| 9:52 | Summon Bear |
| 10:08 | Grunt |
| 10:25 | Demolisher |
| 11:19 | Healing Salve |
| 11:34 | Scroll of Speed |
| 11:41 | Potion of Mana |
| 12:03 | Grunt |
| 12:10 | Hex |
| 12:49 | Grunt |
| 14:24 | Demolisher |
| 14:37 | Berserker Strength |
| 14:43 | Demolisher |
| 14:45 | Demolisher |
| 14:55 | Beastiary |
| 16:10 | Troll Batrider |
| 17:22 | Scroll of Speed |
| 19:06 | Peon |
| 19:06 | Peon |
| 19:06 | Peon |
| 19:16 | Grunt |
| 19:20 | Wind Rider |
| 19:27 | Watch Tower |
| 19:38 | Demolisher |
| 19:57 | Altar of Storms |
| 20:19 | Potion of Healing |
| 20:45 | Wind Rider |
| 21:09 | Grunt |
| 21:59 | Grunt |
| 22:40 | Orc Burrow |
| 22:48 | Voodoo Lounge |
| 23:31 | Orc Burrow |
| 23:41 | Orc Burrow |
| 24:04 | Orc Burrow |
| 24:08 | Lesser Clarity Potion |
| 24:11 | Potion of Mana |
| 25:06 | Healing Salve |
| 25:08 | Potion of Mana |
| 25:30 | Scroll of Speed |
| 25:32 | Lesser Clarity Potion |
| 26:40 | Demolisher |
| Right click | 755 |
| Select | 585 |
| Chat | 419 |
| Select group | 201 |
| Misc. action | 170 |
| Assign group | 122 |
| Build/train/purchase | 112 |
| Use ability | 31 |
| Esc | 5 |
| Remove unit | 2 |
| Item give/drop | 1 |